 Dungeon Crawl Stone Soup version 0.25-a0-697-g890751e (webtiles) character file.

Game seed: 9770632407871412415, levelgen mode: deterministic

751 robertstho the Skirmisher (level 7, -2/44 HPs)
             Began as a Gargoyle Fighter on Mar 31, 2020.
             Slain by an ogre
             ... wielding a +0 giant club
              (9 damage)
             ... on level 6 of the Dungeon.
             The game lasted 00:05:51 (4244 turns).

robertstho the Skirmisher (Gargoyle Fighter)        Turns: 4244, Time: 00:05:52

Health: -2/44      AC: 15    Str: 22    XL:     7   Next: 78%
Magic:  7/7        EV:  6    Int:  8    God:
Gold:   284        SH: 10    Dex:  9    Spells: 6/6 levels left

rFire    . . .     SeeInvis .   a - +0 flail
rCold    . . .     Gourm    .   c - +0 kite shield
rNeg     + . .     Faith    .   e - +0 chain mail (curse)
rPois    ∞         Spirit   .   i - +0 helmet
rElec    +         Reflect  .   (no cloak)
rCorr    .         Harm     .   (no gloves)
MR       .....                  (no boots)
Stlth    ..........             (no amulet)
HPRegen  0.14/turn              (no ring)
MPRegen  0.10/turn              (no ring)

@: no status effects
A: negative energy resistance 1, electricity resistance, unbreathing,
petrification resistance, rot immunity, AC +4
a: no special abilities


You were on level 6 of the Dungeon.
You were not hungry.

You visited 1 branch of the dungeon, and saw 6 of its levels.

You collected 284 gold pieces.

Inventory:

Hand Weapons
 a - a +0 flail (weapon)
Armour
 c - a +0 kite shield (worn)
 e - a cursed +0 chain mail (worn)
 i - a +0 helmet (worn)
Jewellery
 b - an uncursed amulet of guardian spirit {unknown}
 s - a +2 ring of dexterity {unknown}
 y - an uncursed ring of magical power {unknown}
 A - a +1 ring of slaying {unknown}
 E - an uncursed amulet of the gourmand {unknown}
Wands
 u - a wand of flame (8)
 C - a wand of acid (6)
Scrolls
 g - 3 scrolls of identify
 j - 10 scrolls of remove curse
 k - a scroll of enchant weapon {unknown}
 m - a scroll of immolation {unknown}
 n - a scroll of fog {unknown}
 o - 3 scrolls of blinking {unknown}
 q - 2 scrolls of teleportation
 t - 2 scrolls of enchant armour {unknown}
 x - a scroll of fear {unknown}
 B - a scroll of magic mapping {unknown}
Potions
 d - a potion of might
 h - a potion of magic
 p - a potion of stabbing {unknown}
 r - 3 potions of flight
 v - a potion of resistance {unknown}
 w - a potion of haste {unknown}
 D - a potion of curing {unknown}
Comestibles
 f - 5 rations
 l - 3 chunks of flesh


   Skills:
 * Level 5.5 Fighting
 + Level 5.0 Maces & Flails
 * Level 5.3 Armour
 + Level 1.3 Dodging
 + Level 0.4 Stealth
 + Level 5.0 Shields


You had 6 spell levels left.
You didn't know any spells.
Your spell library was empty.

Dungeon Overview and Level Annotations

Branches:
Dungeon (6/15)
 Temple: D:4-7

Altars:
Gozag
Makhleb
Sif Muna
Uskayaw

Shops:
D:4 :*


Innate Abilities, Weirdness & Mutations

You are resistant to torment.
Your stone body is resilient. (AC +4)
You are immune to poison.
You resist negative energy. (rN+)
You are resistant to electric shocks. (rElec)
You can survive without breathing.
You are immune to petrification.
You are immune to rotting.


Message History

The ogre is heavily wounded.
The ogre hits you with a +0 giant club!
* * * LOW HITPOINT WARNING * * *
The orc shouts!
You hear a shout! x2
The orc wizard shouts!
You hear a shout!
The orc wizard mumbles some strange words.
The orc wizard blinks!
The orc shouts!
The orc wizard shouts!
The orc priest shouts!
The orc shouts!
You hit the giant cockroach.
The giant cockroach is moderately wounded.
The giant cockroach bites you but does no damage.
The orc hits you but does no damage.
You closely miss the giant cockroach.
The giant cockroach is moderately wounded.
The orc priest invokes the aid of Beogh against you.
Beogh smites you!
* * * LOW HITPOINT WARNING * * *
The ogre hits you with a +0 giant club!
You die...

# #.#.# #.......# #.######.#.###
#.......#
.....>.......###.......#
%.......................
.............######..###
.......()....##
.......(.oo...####
.......##Oo##.)..# .......
##@#####.# .....o.
#s#.$...###Z.. ####.##
##.#.##.......#
##.....##.......####..# .
##........ooo...## #.# ..
#.#............<...#####.. #.
...#.........o..........##.###.
.........................##..#..
......................[..# #....


You could see an ogre, an orc priest, an orc wizard, 5 orcs and a giant
cockroach.

Vanquished Creatures
  A phantom (D:5)
  3 centaurs
  A howler monkey (D:5)
  A crimson imp (D:6)
  An orc priest (D:5)
  A hound (D:5)
  2 jellies (D:6)
  An orc wizard (D:5)
  An iguana (D:5)
  2 hound skeletons
  A worker ant zombie (D:6)
  3 adders
  3 gnolls (D:3)
  An ooze (D:3)
  An adder zombie (D:5)
  A worm (D:2)
  4 dart slugs
  2 leopard geckos
  8 orcs
  6 giant cockroaches
  5 goblins
  6 hobgoblins
  6 jackals
  8 kobolds
  2 quokkas
  7 bats
  6 frilled lizards
  A jackal skeleton (D:4)
  2 leopard gecko skeletons (D:5)
  A quokka skeleton (D:4)
  6 rats (D:2)
94 creatures vanquished.

Vanquished Creatures (others)
  A jackal (D:6)
1 creature vanquished.

Grand Total: 95 creatures vanquished

Notes
Turn   | Place    | Note
-------+----------+-------------------------------------------
     0 | D:1      | robertstho the Gargoyle Fighter began the quest for the
                  | Orb.
     0 | D:1      | Reached XP level 1. HP: 14/14 MP: 1/1
   220 | D:1      | Reached XP level 2. HP: 20/20 MP: 2/2
   860 | D:2      | Found a shimmering blue altar of Sif Muna,
   868 | D:2      | Reached XP level 3. HP: 23/24 MP: 3/3
   895 | D:2      | Found a burning altar of Makhleb,
   912 | D:2      | Found a hide-covered altar of Uskayaw,
  1219 | D:2      | Reached XP level 4. HP: 18/29 MP: 4/4
  1406 | D:2      | Found a faded altar of an unknown god,
  2171 | D:4      | Reached XP level 5. HP: 34/34 MP: 5/5
  2337 | D:4      | Found an opulent altar of Gozag,
  2358 | D:4      | Found Gozag's Platinum Reserve,
  2981 | D:4      | Found Safeuc's Book Emporium,
  3057 | D:5      | Entered Level 5 of the Dungeon
  3202 | D:5      | Noticed a centaur
  3219 | D:5      | Killed a centaur
  3219 | D:5      | Reached XP level 6. HP: 31/40 MP: 6/6
  3239 | D:5      | Reached skill level 1 in Dodging
  3378 | D:5      | Reached skill level 5 in Fighting
  3545 | D:5      | Reached XP level 7. HP: 33/44 MP: 7/7
  3825 | D:6      | Noticed a troll
  3893 | D:6      | HP: 2/44 [orc priest/divine providence (9)]
  4105 | D:6      | Reached skill level 5 in Armour
  4138 | D:6      | Reached skill level 5 in Maces & Flails
  4138 | D:6      | Reached skill level 5 in Shields
  4244 | D:6      | Slain by an ogre

Levels and vault maps discovered:
D:1:      lemuel_arrival_tunnels, layout_basic
D:2:      minmay_angry_zag, layout_loops_ring, lemuel_crystal_altar,
          overflow_temple_1_default, chequers_ecumenical_altar_grove,
          bloody_makhleb
D:3:      layout_basic
D:4:      layout_basic, nicolae_gozag_zags_fifth_avenue, serial_shops,
          nicolae_shop_trees, due_unseen_surprise
D:5:      layout_basic, first_ration
D:6:      minmay_chambers_of_sixes, layout_rooms, grunt_temple_overflow_open

Skill      XL: |  1  2  3  4  5  6  7 |
---------------+----------------------+-----
Fighting       | 4 5 |  5.5
Armour         | 4 5 |  5.3
Shields        | 4 5 |  5.0
Maces & Flails | 3 4 5 |  5.0
Dodging        | 1 |  1.3
Stealth        | |  0.4

Action                   |  1- 3 |  4- 6 |  7- 9 || total
-------------------------+-------+-------+-------++-------
Melee: Flail             |   125 |   204 |   121 ||   450
  Use: Potion            |       |       |     3 ||     3
       Scroll            |       |       |     2 ||     2
  Eat: Chunk             |     1 |     8 |     3 ||    12
Armor: Chain mail        |    78 |   131 |    92 ||   301
       Scale mail        |     4 |       |       ||     4
Dodge: Dodged            |    33 |    62 |    42 ||   137
Block: Kite shield       |    66 |   135 |    93 ||   294

Table legend:
 A = Non-vault XP
 B = Vault XP
 C = Vault XP percentage of total XP
 D = Non-vault monster count
 E = Vault monster count
 F = Vault count percentage of total count
                 A         B        C        D         E       F
            +---------+---------+-------+---------+---------+-------
      Total |    1053 |      20 |   1.9 |      89 |       5 |   5.3
            +---------+---------+-------+---------+---------+-------
        D:1 |      25 |       0 |   0.0 |      13 |       0 |   0.0
        D:2 |      44 |      20 |  31.2 |      21 |       5 |  19.2
        D:3 |      73 |       0 |   0.0 |      15 |       0 |   0.0
        D:4 |      48 |       0 |   0.0 |       9 |       0 |   0.0
        D:5 |     585 |       0 |   0.0 |      22 |       0 |   0.0
        D:6 |     278 |       0 |   0.0 |       9 |       0 |   0.0
            +---------+---------+-------+---------+---------+-------
